 Dungeon Sprint DCSS version 0.24-a0-536-gdd4cf15 (webtiles) character file.

Game seed: 5058948608282119807

6292 Faca the Warrior (level 11, 0/109 HPs)
             Began as a Formicid Fighter on Aug 13, 2019.
             Was the Champion of the Shining One.
             Slain by a four-headed hydra (10 damage)
             ... in the Dungeon (Sprint IX: "|||||||||||||||||||||||||||||").
             The game lasted 00:03:53 (1270 turns).

Faca the Warrior (Formicid Fighter)                 Turns: 1270, Time: 00:03:54

Health: 0/109      AC: 13    Str: 25    XL:     11   Next: 15%
Magic:  11/11      EV:  6    Int:  7    God:    the Shining One [******]
Gold:   5          SH: 10    Dex: 10    Spells: 10/10 levels left

rFire    . . .     SeeInvis +   o - +2 rapier (venom)
rCold    . . .     Gourm    .   c - +0 shield
rNeg     + + +     Faith    .   q - +0 plate armour
rPois    .         Spirit   .   (helmet unavailable)
rElec    .         Reflect  .   (no cloak)
rCorr    .         Harm     .   (no gloves)
MR       +....                  a - +0 pair of boots
Stlth    ..........             (no amulet)
HPRegen  0.28/turn              (no ring)
MPRegen  0.12/turn              (no ring)

@: glowing
A: permanent stasis, dig shafts and tunnels, four strong arms, antennae 3
a: Dig, Divine Shield, Cleansing Flame, Summon Divine Warrior, Brand Weapon With
Holy Wrath, Renounce Religion


You were in the Dungeon.
You worshipped the Shining One.
The Shining One was exalted by your worship.
You were not hungry.

You visited 1 branch You collected 5 gold pieces.

Inventory:

Hand Weapons
 o - a +2 rapier of venom (weapon)
 p - the +2 scimitar of Beyond {venom, *Corrode rN+ Int+7}
   (You found it in the Dungeon)

   It poisons the flesh of those it strikes.
   It affects your intelligence (+7).
   It protects you from negative energy.
   It may corrode you when you take damage.
Armour
 a - a +0 pair of boots (worn)
 c - a +0 shield (worn)
 q - a +0 plate armour (worn)
Jewellery
 b - a +3 ring of intelligence
 d - a +3 ring of intelligence
Wands
 n - a wand of acid (10)
Scrolls
 k - 3 scrolls of blinking
 l - 4 scrolls of remove curse
 m - 2 scrolls of amnesia
 t - a scroll of magic mapping
 u - 2 scrolls of fear
 v - a scroll of identify
Potions
 e - 6 potions of curing
 h - a potion of haste
 i - 4 potions of magic
 j - a potion of berserk rage
 r - 2 potions of brilliance
 s - a potion of resistance
Comestibles
 f - a ration


   Skills:
 - Level 18.0 Fighting
 + Level 16.9 Long Blades
 + Level 5.8 Armour
 + Level 6.3 Shields


You had 10 spell levels left.
You didn't know any spells.
Your spell library was empty.

Dungeon Overview and Level Annotations

Branches:
Dungeon (1/1)

Altars:
Cheibriados
Dithmenos
Elyvilon
Fedhas
Gozag
Hepliaklqana
Kikubaaqudgha
Makhleb
Nemelex Xobeh
Okawaru
Qazlal
Ru
Sif Muna
Trog
Uskayaw
Vehumet
Wu Jian
Xom
Yredelemnul
Zin
The Shining One
Beogh
Jiyva
Lugonu


Innate Abilities, Weirdness & Mutations

You cannot be hasted, slowed, berserked, paralysed or teleported.
You can dig through walls and to a lower floor.
Your four strong arms can wield two-handed weapons with a shield.
You have a pair of large antennae on your head. (SInv)


Message History

You block the four-headed hydra's attack.
The four-headed hydra bites you.
* * * LOW HITPOINT WARNING * * *
You puncture the four-headed hydra!
The four-headed hydra is severely wounded.
The four-headed hydra bites you.
* * * LOW HITPOINT WARNING * * *
You block the four-headed hydra's attack.
The four-headed hydra closely misses you.
You block the four-headed hydra's attack.
You puncture the four-headed hydra!
The four-headed hydra is poisoned.
The four-headed hydra is almost dead.
You hit the four-headed hydra but do no damage.
The four-headed hydra is almost dead.
You block the four-headed hydra's attack.
The four-headed hydra bites you but does no damage.
The four-headed hydra bites you.
* * * LOW HITPOINT WARNING * * *
The four-headed hydra bites you!
You die...

▓_▓.▓.▓
{
▓_▓.▓.▓
{
▓_▓.▓.▓
{
▓_▓.▓.▓
{
▓_▓.▓†▓
{
▓_▓.▓.▓
{
▓_▓.▓.▓
{
▓_▓.▓D▓
{
▓_▓.▓@▓
▓_▓.▓.▓
{
▓_▓.▓.▓
{
▓_▓.▓.▓
{
▓_▓.▓.▓
{
▓_▓.▓.▓
{
▓_▓.▓÷▓
{
▓_▓.▓.▓
{
▓_▓.▓.▓
{


You could see a four-headed hydra.

Vanquished Creatures
  A hydra (D)
  2 centaur warriors (D)
  A two-headed ogre (D)
  2 elephants (D)
  A black mamba (D)
  A spiny frog (D)
  A rime drake (D)
  A kobold demonologist (D)
  A hippogriff (D)
  A dream sheep (D)
  A wyvern (D)
  3 yaks (D)
  3 porcupines (D)
  An ice beast (D)
  2 ogres (D)
  A centaur (D)
  2 crocodiles (D)
  A bullfrog (D)
  A wight (D)
  2 crimson imps (D)
  A shadow imp (D)
  A worm (D)
  A leopard gecko (D)
  An orc (D)
  A bat (D)
  A hobgoblin (D)
  A ball python (D)
  A frilled lizard (D)
  A giant cockroach zombie (D)
  A rat (D)
39 creatures vanquished.

Notes
Turn   | Place    | Note
-------+----------+-------------------------------------------
     0 | D        | Faca the Formicid Fighter began the quest for the Orb.
     0 | D        | Reached XP level 1. HP: 18/18 MP: 1/1
    10 | D        | Reached skill level 4 in Fighting
    84 | D        | Noticed an ogre
    84 | D        | Noticed an ogre
    84 | D        | Noticed a centaur
    88 | D        | Reached XP level 2. HP: 25/26 MP: 2/2
    99 | D        | Reached skill level 5 in Fighting
   100 | D        | Killed a centaur
   100 | D        | Reached skill level 7 in Fighting
   100 | D        | Reached XP level 3. HP: 29/36 MP: 3/3
   100 | D        | Reached XP level 4. HP: 35/43 MP: 4/4
   100 | D        | Reached XP level 5. HP: 39/48 MP: 5/5
   103 | D        | Killed an ogre
   103 | D        | Reached skill level 9 in Fighting
   107 | D        | Killed an ogre
   107 | D        | Reached skill level 10 in Fighting
   107 | D        | Reached XP level 6. HP: 23/60 MP: 6/6
   294 | D        | Found a roughly hewn altar of Beogh.
   294 | D        | Found a snail-covered altar of Cheibriados.
   294 | D        | Found a shadowy altar of Dithmenos.
   294 | D        | Found a white marble altar of Elyvilon.
   294 | D        | Found a blossoming altar of Fedhas.
   294 | D        | Found an opulent altar of Gozag.
   295 | D        | Found a hazy altar of Hepliaklqana.
   296 | D        | Found a viscous altar of Jiyva.
   297 | D        | Found an ancient bone altar of Kikubaaqudgha.
   298 | D        | Found a corrupted altar of Lugonu.
   299 | D        | Found a burning altar of Makhleb.
   300 | D        | Found a sparkling altar of Nemelex Xobeh.
   301 | D        | Found an iron altar of Okawaru.
   302 | D        | Found a stormy altar of Qazlal.
   303 | D        | Found a sacrificial altar of Ru.
   304 | D        | Found a shimmering blue altar of Sif Muna.
   305 | D        | Found a bloodstained altar of Trog.
   306 | D        | Found a hide-covered altar of Uskayaw.
   307 | D        | Found a radiant altar of Vehumet.
   308 | D        | Found an ornate altar of the Wu Jian Council.
   309 | D        | Found a shimmering altar of Xom.
   310 | D        | Found a basalt altar of Yredelemnul.
   311 | D        | Found a glowing silver altar of Zin.
   312 | D        | Found a glowing golden altar of the Shining One.
   320 | D        | Became a worshipper of the Shining One
   330 | D        | Got the +2 scimitar of Beyond {venom, *Corrode rN+ Int+7}
   358 | D        | Noticed a two-headed ogre
   358 | D        | Reached * piety under the Shining One
   358 | D        | Reached ** piety under the Shining One
   372 | D        | Killed a two-headed ogre
   372 | D        | Reached skill level 13 in Fighting
   372 | D        | Reached XP level 7. HP: 23/72 MP: 7/7
   372 | D        | Reached XP level 8. HP: 25/79 MP: 8/8
   615 | D        | Noticed a kobold demonologist
   615 | D        | Reached *** piety under the Shining One
   615 | D        | Noticed a centaur warrior
   615 | D        | Reached **** piety under the Shining One
   615 | D        | Noticed a centaur warrior
   622 | D        | Killed a centaur warrior
   622 | D        | Reached skill level 14 in Fighting
   622 | D        | Reached XP level 9. HP: 72/88 MP: 9/9
   626 | D        | Killed a centaur warrior
   626 | D        | Reached skill level 15 in Fighting
   636 | D        | Noticed a soul eater
   636 | D        | Killed a kobold demonologist
   636 | D        | Reached skill level 16 in Fighting
   877 | D        | Noticed a five-headed hydra
   877 | D        | Reached ***** piety under the Shining One
   877 | D        | Noticed a hippogriff
   877 | D        | Noticed a spiny frog
   879 | D        | Reached skill level 15 in Long Blades
   879 | D        | Reached XP level 10. HP: 98/98 MP: 10/10
   880 | D        | Noticed a black mamba
   883 | D        | Killed a spiny frog
   883 | D        | Noticed a rime drake
   903 | D        | Killed a five-headed hydra
   903 | D        | Reached skill level 17 in Fighting
   919 | D        | Killed a black mamba
   927 | D        | Killed a rime drake
  1211 | D        | Noticed an elephant
  1211 | D        | Noticed an elephant
  1224 | D        | Killed an elephant
  1224 | D        | Reached skill level 18 in Fighting
  1233 | D        | Killed an elephant
  1233 | D        | Reached skill level 5 in Shields
  1233 | D        | Reached XP level 11. HP: 62/109 MP: 11/11
  1239 | D        | Reached skill level 5 in Armour
  1250 | D        | Noticed a four-headed hydra
  1250 | D        | Reached ****** piety under the Shining One
  1270 | D        | Slain by a four-headed hydra

Levels and vault maps discovered:
D:        linesprint [early_d, line_temple, items_1, d_10, items_2, lair_1,
          lair_end, items_3, orc_1, orc_end, items_4, d_15, swamp_1, shoals_1,
          snake_1, spider_1, d_20, vaults_1, items_5, swamp_end, shoals_end,
          snake_end, spider_end, vaults_end, d_27, items_6, zot_1, zot_end,
          crypt_end, forest_end, elf_end, slime_end, tomb_end, abyss_end,
          pan_hell_end]

Skill      XL: |  1  2  3  4  5  6  7  8  9 10 11 |
---------------+----------------------------------+-----
Fighting       | 4 7 10 13 14 16 18 | 18.0
Long Blades    | 3 6 9 12 13 15 16 | 16.9
Shields        | 5 6 |  6.3
Armour         | 4 5 |  5.8

Action                   |  1- 3 |  4- 6 |  7- 9 | 10-12 || total
-------------------------+-------+-------+-------+-------++-------
Melee: Long sword        |    26 |     7 |       |       ||    33
       Scimitar          |       |    13 |    30 |    70 ||   113
       Rapier            |       |       |       |    20 ||    20
  Use: Potion            |     2 |       |       |     4 ||     6
  Eat: Chunk             |       |       |       |     1 ||     1
Armor: Scale mail        |     9 |       |       |       ||     9
       Plate armour      |       |     4 |    11 |    38 ||    53
Dodge: Dodged            |     5 |     3 |     1 |    19 ||    28
Block: Shield            |     7 |     7 |     8 |    36 ||    58
       Rpst.: Scimitar   |       |       |       |     4 ||     4

Table legend:
 A = Non-vault XP
 B = Vault XP
 C = Vault XP percentage of total XP
 D = Non-vault monster count
 E = Vault monster count
 F = Vault count percentage of total count
                 A         B        C        D         E       F
            +---------+---------+-------+---------+---------+-------
      Total |       0 |    8989 | 100.0 |       0 |      39 | 100.0
            +---------+---------+-------+---------+---------+-------
          D |       0 |    8989 | 100.0 |       0 |      39 | 100.0
            +---------+---------+-------+---------+---------+-------
